Map: 2000 Atmospheres LE

Players

Clem - Winner!

  • Race: Terran Terran

Neeb

  • Race: Protoss Protoss

Event: DreamHack SC2 Masters 2021 Winter

VOD

Have the link to the VOD?

Description

Time

  • Played on: Nov. 10, 2021, 10:15 a.m.
  • Length: 15:48
Show
View Real Time Build Order
Export as new Build Order

Clem Terran - Winner!

Build Orders:  

Get SALT Encoding   

  12  0:00  SCV  
  13  0:12  SCV  
  14  0:17  Supply Depot  
  14  0:24  SCV  
  15  0:38  SCV  
  15  0:40  Barracks  
  16  0:43  Refinery  
  16  0:50  SCV  
  17  1:02  SCV  
  18  1:15  SCV  
  19  1:27  Marine, Orbital Command  
  20  1:46  Barracks Reactor  
  20  1:47  Command Center  
  20  1:52  Supply Depot  
  20  1:53  SCV  
  21  2:05  SCV  
  22  2:18  Command Center  
  22  2:20  SCV  
  22  2:22  Marine  
  24  2:24  Marine  
  25  2:33  SCV, Bunker  
  26  2:40  Marine  
  26  2:42  Marine  
  28  2:45  SCV  
  28  2:49  Barracks  
  29  2:57  SCV  
  30  2:59  Orbital Command  
  30  3:01  Marine  
  30  3:03  Marine  
  32  3:09  SCV  
  33  3:21  SCV, Marine  
  33  3:22  Marine, Barracks  
  33  3:25  SCV  
  37  3:31  Orbital Command  
  37  3:33  SCV  
  38  3:37  SCV, Barracks Tech Lab  
  38  3:38  Marine  
  38  3:40  Marine  
  41  3:41  Engineering Bay  
  41  3:46  SCV  
  42  3:49  SCV  
  43  3:56  Stimpack, Marine  
  43  3:57  Marine  
  43  3:58  SCV, Marine  
  43  3:59  SCV  
  43  4:02  SCV  
  48  4:05  Refinery  
  48  4:06  Supply Depot  
  48  4:10  Terran Infantry Weapons Level 1  
  48  4:11  SCV x2  
  48  4:14  Marine  
  48  4:16  SCV, Marine  
  53  4:20  Factory  
  53  4:22  Missile Turret  
  53  4:24  SCV x2  
  53  4:30  SCV, Refinery  
  55  4:32  Barracks Tech Lab  
  55  4:34  Marine  
  55  4:35  Missile Turret, Marine  
  55  4:37  SCV, Marine  
  59  4:42  Refinery  
  59  4:43  Supply Depot, SCV  
  59  4:44  SCV  
  60  4:50  SCV  
  60  4:52  Marine x2  
  61  4:53  Combat Shield  
  61  4:55  SCV  
  61  4:56  SCV, Marine x2  
  67  5:03  Supply Depot  
  67  5:05  SCV  
  68  5:08  Starport  
  68  5:12  Factory Reactor  
  68  5:13  Marine x2, Orbital Command  
  70  5:15  Marauder, SCV  
  70  5:19  Supply Depot  
  70  5:20  Marine  
  72  5:23  SCV  
  72  5:24  Supply Depot  
  71  5:31  Marine x2  
  71  5:33  Barracks  
  71  5:34  Barracks  
  73  5:36  Marine  
  73  5:37  SCV x2  
  73  5:40  SCV  
  77  5:46  Missile Turret  
  77  5:50  Marine x2  
  77  5:52  Marauder  
  77  5:53  SCV x2  
  77  5:54  Marauder, SCV  
  77  5:55  Factory Reactor  
  77  5:57  Medivac  
  88  5:59  Medivac  
  88  6:03  Supply Depot  
  90  6:06  SCV x2  
  90  6:07  SCV  
  90  6:08  Marine x2  
  90  6:10  Terran Infantry Armor Level 1  
  95  6:16  Missile Turret  
  95  6:17  Concussive Shells  
  97  6:18  Marauder  
  97  6:20  Marauder  
  97  6:21  Barracks Tech Lab, Barracks Reactor  
  97  6:22  SCV  
  97  6:24  SCV  
  101  6:26  SCV  
  101  6:32  Medivac x2  
  108  6:33  Widow Mine  
  108  6:36  Supply Depot  
  108  6:37  Supply Depot  
  108  6:39  Widow Mine, SCV x2  
  112  6:40  SCV  
  112  6:42  Marine x2  
  112  6:45  Marauder  
  117  6:55  Supply Depot  
  117  6:58  Marauder x2, Widow Mine, SCV x3  
  117  7:01  Widow Mine  
  128  7:02  Marine  
  128  7:03  Marine x2  
  128  7:04  Supply Depot, Medivac  
  133  7:10  Refinery  
  133  7:11  Refinery  
  133  7:13  Engineering Bay  
  133  7:14  Armory  
  133  7:16  Medivac, Marine  
  133  7:17  Marauder  
  133  7:20  SCV  
  133  7:21  SCV  
  133  7:22  Supply Depot  
  140  7:25  Widow Mine  
  140  7:26  Widow Mine, Marine  
  140  7:28  Marine x2  
  147  7:35  Marine x2  
  147  7:36  Marauder, SCV  
  144  7:38  Marauder  
  144  7:43  Supply Depot  
  146  7:46  Marine  
  146  7:47  Widow Mine x2, Marine x2  
  152  7:53  Marine  
  152  7:54  Marine  
  152  7:55  Medivac x2  
  154  8:03  Terran Infantry Weapons Level 2  
  154  8:08  Widow Mine, Command Center  
  154  8:12  Widow Mine, Marine  
  154  8:13  Marine x2  
  154  8:14  Marine  
  154  8:17  Marauder  
  154  8:19  Terran Infantry Armor Level 2  
  160  8:25  Marauder  
  157  8:27  Supply Depot  
  157  8:28  Marauder  
  157  8:30  Widow Mine  
  151  8:35  Marine x2  
  151  8:36  Marine  
  151  8:38  Marauder  
  151  8:41  Widow Mine, Marine  
  145  8:42  SCV  
  145  8:47  Marauder  
  133  8:49  Marine  
  133  8:51  Widow Mine  
  133  8:55  SCV x3  
  136  8:56  Marine x3, Barracks  
  136  8:57  Barracks  
  136  8:58  Barracks  
  136  8:59  Marine  
  136  9:00  Marauder  
  144  9:02  Widow Mine  
  144  9:07  Marauder  
  144  9:08  Marauder  
  148  9:12  Widow Mine  
  148  9:14  SCV x3  
  148  9:15  Marine x3  
  148  9:16  Medivac  
  152  9:18  Medivac  
  152  9:21  Marauder, Marine  
  153  9:24  Widow Mine  
  153  9:29  Marauder x2  
  155  9:34  Widow Mine  
  155  9:35  Marine x3  
  155  9:37  SCV x2  
  162  9:42  Marauder  
  162  9:43  Ghost Academy  
  162  9:45  Widow Mine, Barracks Tech Lab x2  
  166  9:46  Barracks Reactor  
  166  9:48  SCV  
  166  9:49  Marine  
  168  9:58  Medivac x2  
  168  9:59  Marine x2  
  176  10:00  Marauder x2  
  176  10:03  Marine x2  
  174  10:09  Marine  
  174  10:11  Marauder, Supply Depot  
  171  10:14  Terran Ship Weapons Level 1, SCV x2  
  171  10:15  SCV, Marine  
  171  10:17  Starport  
  171  10:18  Planetary Fortress  
  171  10:19  Supply Depot, Missile Turret  
  175  10:24  Command Center  
  175  10:28  Ghost x2  
  175  10:35  Viking x2  
  183  10:37  Refinery  
  183  10:39  Terran Infantry Weapons Level 3  
  183  10:41  Enhanced Shockwaves  
  179  10:45  Terran Infantry Armor Level 3  
  179  10:51  Refinery  
  175  10:57  Viking  
  175  10:59  Marine x2  
  175  11:00  Marauder  
  175  11:02  Marauder  
  179  11:04  Marine x2  
  179  11:05  Viking x2  
  179  11:07  Marauder  
  179  11:10  Marine x2  
  179  11:11  Ghost  
  179  11:13  Ghost  
  179  11:17  Viking  
  181  11:23  Marine x2  
  183  11:26  Marine x2  
  183  11:27  Viking  
  187  11:33  Command Center, Ghost  
  187  11:34  Marine  
  187  11:38  Viking  
  190  11:40  Viking, Marine  
  190  11:41  Marauder  
  190  11:45  Ghost  
  197  11:47  Viking, Marine  
  197  11:53  Command Center  
  200  11:59  Sensor Tower  
  200  12:01  Fusion Core  
  200  12:03  Missile Turret  
  200  12:09  Terran Ship Weapons Level 2  
  200  12:14  Refinery  
  200  12:15  Refinery, Planetary Fortress  
  199  12:34  Starport  
  197  12:45  Liberator  
  197  12:51  Missile Turret  
  190  12:52  Starport  
  190  12:53  Ghost x2  
  190  12:54  Ghost x2  
  190  12:55  Marauder, Marine x4  
  190  12:56  Marine x2  
  190  12:57  Advanced Ballistics  
  178  13:09  Orbital Command  
  178  13:10  SCV x2  
  180  13:12  Marine  
  180  13:13  Marine x3  
  180  13:14  Marine  
  180  13:16  Marauder  
  180  13:18  Liberator x2  
  193  13:20  Starport Reactor  
  193  13:21  Liberator  
  193  13:22  Missile Turret  
  193  13:23  Marauder x2  
  193  13:24  Missile Turret  
  193  13:25  Marine  
  200  13:29  Personal Cloaking  
  200  13:38  Planetary Fortress  
  200  13:41  Refinery x2, Starport Reactor  
  199  13:48  Missile Turret  
  198  14:20  Liberator  
  198  14:22  Marauder  
  198  14:36  Liberator  
  198  14:37  Marine  
  197  14:41  Marauder  
  197  14:44  Liberator  
  192  14:45  Ghost  
  192  14:46  Marine x3  
  192  14:47  Liberator x2  
  192  14:48  Marauder x2  
  200  14:54  Marine  
  200  14:55  Marauder  
  190  15:01  Marine  
  190  15:02  Liberator x2, Marauder, Marine  
  190  15:04  Marine  
  182  15:08  Marine x2  
  182  15:09  Marauder x2  
  182  15:12  Marine  
  191  15:15  Marauder  
  191  15:16  Barracks  
  191  15:18  Barracks  
  191  15:19  Marine x2  
  200  15:25  Marine  
  200  15:27  Marauder, Marine  
  200  15:28  Marine  
  199  15:30  Marine  
Show
View Real Time Build Order
Export as new Build Order

Neeb Protoss 

Build Orders: 1 Gate Expand, Oracle Opening, Phoenix Opening 

Get SALT Encoding   

  12  0:00  Probe  
  13  0:12  Probe  
  14  0:18  Pylon  
  14  0:24  Probe (Chrono Boost)  
  15  0:36  Gateway  
  15  0:37  Probe (Chrono Boost)  
  16  0:44  Probe (Chrono Boost)  
  16  0:45  Assimilator  
  17  0:51  Probe  
  18  1:03  Probe  
  19  1:15  Probe  
  20  1:22  Nexus  
  20  1:32  Cybernetics Core  
  20  1:35  Probe  
  21  1:42  Assimilator  
  21  1:48  Probe  
  21  1:51  Pylon  
  22  2:00  Probe (Chrono Boost)  
  23  2:06  Adept (Chrono Boost)  
  23  2:11  Probe (Chrono Boost)  
  26  2:16  Probe (Chrono Boost)  
  26  2:19  Stargate  
  27  2:27  Probe (Chrono Boost)  
  27  2:29  Adept  
  30  2:34  Probe (Chrono Boost), Warp Gate  
  31  2:44  Probe x2 (Chrono Boost)  
  33  2:49  Probe (Chrono Boost)  
  33  2:50  Probe  
  35  3:00  Probe, Oracle (Chrono Boost)  
  35  3:01  Pylon  
  35  3:02  Probe  
  40  3:08  Adept  
  42  3:13  Probe  
  42  3:14  Probe  
  44  3:25  Gateway, Probe  
  44  3:26  Probe  
  46  3:28  Gateway  
  46  3:32  Phoenix  
  48  3:37  Probe, Pylon  
  48  3:39  Probe  
  50  3:51  Probe  
  52  3:57  Phoenix  
  52  4:01  Nexus  
  53  4:03  Probe  
  53  4:05  Probe  
  53  4:07  Pylon  
  55  4:10  Assimilator  
  55  4:13  Assimilator  
  55  4:15  Probe  
  56  4:17  Probe  
  56  4:22  Phoenix  
  59  4:27  Probe  
  59  4:30  Forge  
  60  4:32  Twilight Council  
  60  4:33  Probe  
  61  4:39  Probe  
  63  4:45  Probe  
  63  4:47  Phoenix  
  63  4:51  Probe  
  66  4:54  Sentry  
  66  4:55  Protoss Ground Armor Level 1 (Chrono Boost)  
  66  4:56  Pylon  
  66  4:57  Probe  
  66  4:59  Charge  
  69  5:02  Shield Battery  
  69  5:04  Probe  
  70  5:09  Pylon  
  70  5:11  Shield Battery  
  70  5:13  Stalker  
  72  5:15  Stalker  
  72  5:16  Probe  
  75  5:22  Probe  
  75  5:26  Stalker  
  75  5:28  Phoenix  
  80  5:30  Probe x2  
  80  5:34  Probe  
  83  5:37  Robotics Facility  
  83  5:42  Probe x2, Shield Battery  
  85  5:46  Probe  
  86  5:51  Pylon  
  86  5:52  Zealot, Sentry  
  86  5:53  Zealot  
  86  5:54  Probe  
  93  6:00  Gateway  
  93  6:02  Gateway  
  93  6:05  Gateway  
  93  6:15  Zealot  
  93  6:16  Zealot x2  
  99  6:18  Templar Archives  
  99  6:23  Gateway  
  99  6:24  Gateway, Observer  
  100  6:31  Probe x3  
  103  6:33  Phoenix  
  103  6:39  Photon Cannon, Protoss Ground Weapons Level 1 (Chrono Boost)  
  103  6:40  Shield Battery  
  103  6:41  Zealot x2  
  103  6:44  Zealot, Pylon  
  109  6:47  Assimilator  
  109  7:01  Immortal (Chrono Boost)  
  109  7:04  Zealot x2  
  109  7:07  Pylon x2  
  117  7:09  Pylon x2  
  117  7:10  Pylon  
  117  7:12  Pylon  
  117  7:13  Assimilator  
  117  7:25  Zealot x7  
  117  7:29  Zealot  
  133  7:36  Immortal (Chrono Boost)  
  129  7:46  Robotics Bay  
  129  7:49  Robotics Facility  
  125  7:51  Sentry x3  
  125  7:53  Zealot x4  
  127  8:04  Stalker  
  127  8:05  Immortal (Chrono Boost)  
  125  8:14  Stalker x4  
  133  8:20  Zealot x3  
  129  8:32  Zealot  
  129  8:33  Probe  
  112  8:37  Zealot x4  
  112  8:38  Probe  
  106  8:48  Photon Cannon  
  88  8:49  Observer (Chrono Boost)  
  88  8:50  Probe  
  88  8:52  Probe x2  
  88  8:55  Observer (Chrono Boost)  
  92  8:58  Zealot x4  
  92  8:59  Zealot x2  
  92  9:01  Sentry  
  92  9:02  Sentry  
  108  9:05  Probe  
  108  9:09  Observer, Probe  
  111  9:14  Colossus (Chrono Boost)  
  114  9:21  Stalker x2  
  108  9:26  Sentry x2  
  108  9:28  Zealot x2  
  114  9:36  Colossus (Chrono Boost)  
  114  9:41  Protoss Ground Weapons Level 2 (Chrono Boost)  
  114  9:43  Extended Thermal Lance  
  120  9:48  Probe x2  
  122  9:54  Stalker x2  
  117  10:14  Stalker x4  
  121  10:17  Blink  
  121  10:26  Stalker x3  
  115  10:30  Probe x2  
  115  10:31  Probe  
  115  10:35  Sentry  
  120  10:42  Probe x2  
  122  10:48  Disruptor (Chrono Boost)  
  122  10:49  Disruptor (Chrono Boost)  
  125  10:53  Zealot x3  
  128  11:01  Probe  
  127  11:09  Zealot x5  
  123  11:12  Probe  
  123  11:14  Probe  
  123  11:17  Photon Cannon  
  125  11:20  Disruptor (Chrono Boost)  
  125  11:25  Dark Shrine  
  128  11:28  Disruptor (Chrono Boost)  
  131  11:40  High Templar x2  
  131  11:41  Zealot x3  
  131  11:47  Probe, Archon  
  134  11:48  Disruptor (Chrono Boost)  
  138  11:56  Disruptor (Chrono Boost)  
  141  12:03  Zealot x4  
  149  12:10  Probe  
  149  12:11  Protoss Ground Armor Level 2 (Chrono Boost)  
  150  12:18  Shield Battery  
  150  12:20  Disruptor  
  153  12:28  Stalker x2  
  157  12:35  Nexus  
  154  12:44  Stalker  
  153  12:56  Nexus  
  148  12:59  Disruptor x2  
  148  13:04  Dark Templar  
  156  13:11  Pylon  
  156  13:13  Pylon x2  
  156  13:19  Pylon  
  156  13:31  Probe x3  
  156  13:32  Shadow Stride  
  159  13:35  Disruptor x2 (Chrono Boost)  
  159  13:40  High Templar  
  159  13:41  Zealot x3, High Templar  
  168  13:46  Archon  
  172  13:56  Stalker x3  
  172  13:59  Probe x3  
  181  14:04  Pylon  
  181  14:08  Disruptor (Chrono Boost)  
  181  14:09  Disruptor (Chrono Boost)  
  174  14:17  Stalker x2  
  172  14:27  Stalker  
  144  14:50  Dark Templar  
  143  14:53  Dark Templar  
  140  15:11  Dark Templar  

Tags
 
Add a new tag
Caveats
  • Supply blocks, unpowered buildings, or Contaminate may cause inaccurate times.
  • Supply counts are checked every 10 seconds.